Map: Prion Terraces

Players

WaRmEaTeR - Winner!

  • Race: Protoss Protoss

Miltreta

  • Race: Terran Terran
  • League: Bronze

VOD

Have the link to the VOD?

Description

Time

  • Played on: March 10, 2016, 7:37 a.m.
  • Length: 5:27
Show
View Real Time Build Order
Export as new Build Order

WaRmEaTeR Protoss - Winner!

Build Orders:  

Get SALT Encoding   

  12  0:01  Probe (Chrono Boost)  
  13  0:13  Probe (Chrono Boost)  
  14  0:20  Pylon  
  14  0:25  Probe (Chrono Boost)  
  15  0:39  Probe (Chrono Boost)  
  15  0:40  Gateway  
  16  0:49  Probe (Chrono Boost), Assimilator  
  17  0:54  Assimilator  
  17  1:00  Probe (Chrono Boost)  
  18  1:07  Pylon  
  18  1:10  Probe (Chrono Boost)  
  19  1:21  Probe (Chrono Boost)  
  20  1:28  Cybernetics Core  
  21  1:32  Probe (Chrono Boost)  
  21  1:43  Probe (Chrono Boost)  
  22  1:54  Probe (Chrono Boost)  
  23  2:05  Mothership Core (Chrono Boost)  
  25  2:13  Nexus  
  25  2:28  Pylon  
  25  2:30  Pylon  
  25  2:38  Pylon  
  25  2:41  Stalker  
  27  2:44  Warp Gate  
  27  2:56  Probe (Chrono Boost)  
  28  3:02  Stargate  
  28  3:06  Probe (Chrono Boost)  
  29  3:15  Stalker  
  29  3:17  Probe (Chrono Boost)  
  32  4:05  Probe (Chrono Boost)  
  32  4:06  Probe (Chrono Boost)  
  32  4:07  Oracle (Chrono Boost)  
  37  4:15  Probe  
  38  4:17  Probe, Robotics Facility  
  38  4:19  Pylon  
  39  4:25  Probe  
  39  4:28  Pylon  
  39  4:29  Probe  
  41  4:36  Probe  
  42  4:39  Oracle (Chrono Boost)  
  42  4:42  Probe  
  46  4:47  Probe  
  47  4:54  Probe  
  48  5:07  Probe  
  48  5:09  Probe  
Show
View Real Time Build Order
Export as new Build Order

Miltreta Terran 

Build Orders:  

Get SALT Encoding   

  12  0:01  SCV  
  13  0:13  SCV  
  14  0:27  Supply Depot  
  14  0:30  SCV  
  14  0:31  Supply Depot  
  15  0:42  Refinery  
  15  0:54  Barracks  
  15  0:57  SCV  
  16  1:09  SCV  
  17  1:15  Engineering Bay  
  17  1:31  SCV  
  18  1:46  Marine  
  19  1:55  Refinery  
  19  2:01  SCV, Command Center  
  20  2:12  Supply Depot  
  20  2:20  SCV  
  21  2:40  Reaper  
  22  3:04  Orbital Command  
  22  3:13  Factory  
  22  3:24  Missile Turret  
  21  3:27  Missile Turret  
  21  3:28  Marine  
  20  4:14  Widow Mine  
  21  4:29  Barracks  
  21  4:49  Barracks  
  19  5:08  Missile Turret  
  19  5:12  Missile Turret  
  18  5:19  Missile Turret  
Tags
 
Add a new tag
Caveats
  • Supply blocks, unpowered buildings, or Contaminate may cause inaccurate times.
  • Supply counts are checked every 10 seconds.